 Dungeon Crawl Stone Soup version 0.24.0-125-gc4c63601f3 (webtiles) character file.

Game seed: 1481769041688370432, levelgen mode: deterministic

1080 Frank2 the Cudgeler (level 8, 0/60 HPs)
             Began as a Demonspawn Gladiator on Mar 15, 2020.
             Killed by nerve-wracking pain
             ... invoked by an orc priest
              (8 damage)
             ... on level 6 of the Dungeon.
             The game lasted 00:09:41 (4464 turns).

Frank2 the Cudgeler (Demonspawn Gladiator)          Turns: 4464, Time: 00:09:41

Health: 0/60       AC:  9    Str: 14    XL:     8   Next: 8%
Magic:  0/8        EV: 10    Int:  9    God:
Gold:   233        SH:  0    Dex: 16    Spells: 7/7 levels left

rFire    . . .     SeeInvis .   B - +1 morningstar
rCold    + . .     Gourm    .   (no shield)
rNeg     . . .     Faith    .   e - +0 chain mail
rPois    .         Spirit   +   (helmet restricted)
rElec    .         Reflect  .   (no cloak)
rCorr    .         Harm     .   (no gloves)
MR       .....     Clarity  +   (no boots)
Stlth    ..........             (no amulet)
HPRegen  0.00/turn              n - ring of protection from cold
MPRegen  0.22/turn              m - +3 ring of evasion

@: lethally poisoned (0 -> -7)
A: hooves 1, horns 1, clarity, powered by death 2, inhibited regeneration, weak
1, magic shield, magic regeneration
a: no special abilities


You were on level 6 of the Dungeon.
You were not hungry.

You visited 1 branch of the dungeon, and saw 6 of its levels.

You collected 233 gold pieces.

Inventory:

Hand Weapons
 B - a +1 morningstar (weapon)
Armour
 c - a +1 helmet
 e - a +0 chain mail (worn)
Jewellery
 m - a +3 ring of evasion (right hand)
 n - a ring of protection from cold (left hand)
Scrolls
 d - a scroll of identify
 g - a scroll of remove curse {unknown}
 i - 2 scrolls of enchant armour
 k - 2 scrolls of blinking
 y - a scroll of teleportation
Potions
 a - a potion of lignification {unknown}
 h - a potion of invisibility
 q - 5 potions of curing
 r - 3 potions of flight
 t - a potion of haste
 v - a potion of might
 x - a potion of cancellation
 z - a potion of magic {unknown}
Comestibles
 b - 2 chunks of flesh
 f - 13 rations


   Skills:
 + Level 3.8 Fighting
 * Level 7.1 Maces & Flails
 - Level 1.7 Throwing
 + Level 3.9 Armour
 + Level 3.3 Dodging


You had 7 spell levels left.
You didn't know any spells.
Your spell library was empty.

Dungeon Overview and Level Annotations

Branches:
Dungeon (6/15)
 Temple: D:4-7

Altars:
Ashenzari
Cheibriados
Fedhas
Nemelex Xobeh
Okawaru
Qazlal
Ru
Sif Muna
Uskayaw
Yredelemnul

Shops:
D:4 (   D:6 %


Innate Abilities, Weirdness & Mutations

You have large cloven feet.
You have a pair of small horns on your head.
You regenerate health from kills.
When hurt, damage is shared between your health and your magic reserves.
You regenerate magic rapidly.
You possess an exceptional clarity of mind.
You do not regenerate when monsters are visible.
You are weak. (Str -2)


Message History

The orc priest invokes the aid of Beogh against you.
Beogh smites you!
* * * LOW HITPOINT WARNING * * *
The orc priest hits you but does no damage.
You are poisoned.
You hit the orc priest but do no damage.
You headbutt the orc priest, but do no damage.
The orc priest is moderately wounded.
You feel sick.
The orc priest hits you with a +0 hand axe.
* * * LOW HITPOINT WARNING * * *
Unknown command.
You barely miss the orc priest.
You kick the orc priest, but do no damage.
The orc priest is heavily wounded.
* * * LOW HITPOINT WARNING * * *
You feel sick.
The orc priest mumbles some strange prayers to Beogh against you.
Pain shoots through your body!
You die...

## #. ###.##### #.# #
..#.##.[.. ..# #.#
#.#.##.#.###.# #.#
#...>........# #.### #
#.#.##.#.....###.#..
#.###.#.##.#(........#.#
.......o........†.......
......oo.........#####.#
.....oc@.........# #.#
...##.#o..##....######.#
# ###.##............
#.###.#........# #.#
#.#..####### #.# #.#..#
... .....# . ...#


You could see a centaur, 2 orc priests, an orc wizard and 2 orcs.

Vanquished Creatures
  Menkaure (D:6)
  A necrophage (D:5)
  2 ogres (D:5)
  A phantom (D:5)
  2 howler monkeys (D:4)
  A centaur skeleton (D:5)
  3 hounds
  2 orc priests
  2 orc wizards (D:5)
  A gnoll shaman (D:4)
  A worker ant (D:4)
  5 gnolls (D:4)
  8 adders
  An ooze (D:1)
  4 worms
  3 leopard geckos
  14 orcs
  4 bats
  5 giant cockroaches
  2 gnoll zombies (D:4)
  12 hobgoblins
  3 jackals (D:5)
  6 quokkas
  2 ball pythons
  7 frilled lizards
  3 goblins
  7 kobolds
  A leopard gecko zombie (D:5)
  A quokka skeleton (D:5)
  15 rats
120 creatures vanquished.

Notes
Turn   | Place    | Note
-------+----------+-------------------------------------------
     0 | D:1      | Frank2 the Demonspawn Gladiator began the quest for the
                  | Orb.
     0 | D:1      | Reached XP level 1. HP: 16/16 MP: 1/1
   209 | D:1      | Reached skill level 3 in Maces & Flails
   209 | D:1      | Gained mutation: When hurt, damage is shared between your
                  | health and your magic reserves. [demonic ancestry]
   209 | D:1      | Reached XP level 2. HP: 21/22 MP: 2/2
   668 | D:1      | Reached XP level 3. HP: 27/27 MP: 3/3
  1120 | D:2      | Reached skill level 1 in Armour
  1365 | D:2      | Found a blossoming altar of Fedhas.
  1368 | D:2      | Found a stormy altar of Qazlal.
  1467 | D:2      | Gained mutation: You regenerate magic rapidly. [demonic
                  | ancestry]
  1467 | D:2      | Reached XP level 4. HP: 33/33 MP: 4/4
  1741 | D:3      | Found a snail-covered altar of Cheibriados.
  1784 | D:3      | Reached skill level 4 in Maces & Flails
  1890 | D:3      | Gained mutation: You regenerate a little health from kills.
                  | [demonic ancestry]
  1890 | D:3      | Reached XP level 5. HP: 30/39 MP: 3/5
  2316 | D:4      | Found Kaogh's Weapon Emporium.
  2405 | D:4      | Gained mutation: You regenerate health from kills. [demonic
                  | ancestry]
  2405 | D:4      | Reached XP level 6. HP: 12/46 MP: 4/6
  2564 | D:4      | Reached skill level 5 in Maces & Flails
  3056 | D:4      | Found a shimmering blue altar of Sif Muna.
  3126 | D:4      | Found a sparkling altar of Nemelex Xobeh.
  3288 | D:4      | Found a basalt altar of Yredelemnul.
  3383 | D:5      | Entered Level 5 of the Dungeon
  3429 | D:4      | Gained mutation: You are agile. (Dex +2) [potion of
                  | mutation]
  3429 | D:4      | Gained mutation: You are weak. (Str -2) [potion of
                  | mutation]
  3429 | D:4      | Gained mutation: You have a pair of small antennae on your
                  | head. [potion of mutation]
  3429 | D:4      | Gained mutation: You possess an exceptional clarity of
                  | mind. [potion of mutation]
  3430 | D:4      | Lost mutation: You possess an exceptional clarity of mind.
                  | [potion of mutation]
  3430 | D:4      | Lost mutation: You are agile. (Dex +2) [potion of mutation]
  3430 | D:4      | Gained mutation: You are very weak. (Str -4) [potion of
                  | mutation]
  3430 | D:4      | Gained mutation: You possess an exceptional clarity of
                  | mind. [potion of mutation]
  3430 | D:4      | Gained mutation: You do not regenerate when monsters are
                  | visible. [potion of mutation]
  3430 | D:4      | Lost mutation: You are very weak. (Str -4) [potion of
                  | mutation]
  3586 | D:5      | Found a sacrificial altar of Ru.
  3641 | D:5      | Gained mutation: You have large cloven feet. [demonic
                  | ancestry]
  3641 | D:5      | Reached XP level 7. HP: 11/52 MP: 4/7
  3803 | D:5      | Found a hide-covered altar of Uskayaw.
  3828 | D:5      | Reached skill level 6 in Maces & Flails
  4012 | D:5      | You fall into a shaft and drop 1 floor!
  4093 | D:5      | Found an iron altar of Okawaru.
  4098 | D:5      | Found a shattered altar of Ashenzari.
  4400 | D:6      | Found Biok's Food Emporium.
  4455 | D:6      | Noticed Menkaure
  4461 | D:6      | Killed Menkaure
  4461 | D:6      | Reached skill level 7 in Maces & Flails
  4461 | D:6      | Lost mutation: You have a pair of small antennae on your
                  | head. [demonic ancestry]
  4461 | D:6      | Gained mutation: You have a pair of small horns on your
                  | head. [demonic ancestry]
  4461 | D:6      | Reached XP level 8. HP: 21/60 MP: 2/8
  4464 | D:6      | Killed from afar by an orc priest

Levels and vault maps discovered:
D:1:      evilmike_arrival_rings, layout_basic
D:2:      layout_rooms, grunt_temple_overflow_forces_of_nature
D:3:      layout_loops_ring, cheibriados_altar_1, first_ration
D:4:      layout_gridville, lemuel_blue_sif_altar,
          lemuel_zombie_altar_yredelemnul, serial_shops, shop_statue,
          nemelex_spade_bored_becter
D:5:      layout_cave_pods, lemuel_round_altar, overflow_temple_1_default,
          amethyst_overflow_temple_binary
D:6:      layout_loops_ring, elyvilon_altar_1, serial_shops,
          nicolae_shop_crystal, ebering_ghost_sewer_d, uniq_menkaure

Skill      XL: |  1  2  3  4  5  6  7 |
---------------+----------------------+-----
Maces & Flails | 3 4 5 7 |  7.1
Dodging        | 3 |  3.3
Armour         | 1 2 3 |  3.9
Fighting       | 3 |  3.8
Throwing       | |  1.7

Action                   |  1- 3 |  4- 6 |  7- 9 || total
-------------------------+-------+-------+-------++-------
Melee: Flail             |   169 |   215 |       ||   384
       Morningstar       |       |    40 |   102 ||   142
       Kick              |       |       |    25 ||    25
       Headbutt          |       |       |     1 ||     1
Throw: Throwing net      |     1 |     9 |       ||    10
  Use: Scroll            |       |    18 |       ||    18
       Potion            |       |     2 |     1 ||     3
 Stab: Sleeping          |     1 |       |       ||     1
       Held in net/web   |     1 |     3 |       ||     4
  Eat: Chunk             |     2 |     7 |     3 ||    12
Armor: Leather armour    |     6 |       |       ||     6
       Chain mail        |   107 |   149 |    44 ||   300
Dodge: Dodged            |    84 |   130 |    59 ||   273
